[ AOE2 MATCH · #493886536 ]
UnrankedPersians vs Vietnamese
Player's team · WIN
Rival team · LOSS
[ REPLAY ANALYSIS · EXTRACTED FROM THE RECORDED GAME ]
Feudal
—
Castle
—
Imperial
—
| APM avg | 66.3 |
| APM peak | 108 |
| eAPM avg | 36.3 |
| Villagers / military | 73 / 0 |
Focus
⚔️ 12.8% · 🌾 87.2%
Feudal
—
Castle
—
Imperial
—
| APM avg | 42.7 |
| APM peak | 79 |
| eAPM avg | 22.0 |
| Villagers / military | 44 / 0 |
Focus
⚔️ 23.4% · 🌾 76.6%
Match map
Initial resources + every placement click. Lines = walls · curves = elevation contours. ◆ gold · ⬟ stone · ● berries · ✦ relic · ◌ wall gap
Your base· Open — unwalled flank
AKINCILAR's base· Open — unwalled flank
Smoothed initial terrain · ◌ = detected wall gap · hover for details
Inputs per minute
— TW_andy.fet - - AKINCILAR
Build order — TW_andy.fet
98 actions detected in the replay
| 0:00 | Create | Villager (Male) |
| 0:01 | Create | Villager (Male) |
| 0:01 | Create | Villager (Male) |
| 0:02 | Build | House |
| 0:04 | Create | Villager (Male) |
| 0:04 | Create | Villager (Male) |
| 0:05 | Build | House |
| 1:19 | Build | Lumber Camp |
| 1:29 | Create | Villager (Male) |
| 2:00 | Create | Villager (Male) |
| 2:01 | Create | Villager (Male) |
| 2:01 | Create | Villager (Male) |
| 2:36 | Create | Villager (Male) |
| 2:36 | Create | Villager (Male) |
| 2:54 | Create | Villager (Male) |
| 3:33 | Create | Villager (Male) |
| 3:38 | Build | House |
| 3:44 | Create | Villager (Male) |
| 4:06 | Create | Villager (Male) |
| 4:06 | Create | Villager (Male) |
| 4:14 | Create | Villager (Male) |
| 5:06 | Create | Villager (Male) |
| 5:07 | Create | Villager (Male) |
| 5:18 | Research | Loom |
| 5:25 | Build | Mill |
| 6:06 | Create | Villager (Male) |
| 6:07 | Create | Villager (Male) |
| 6:44 | Build | Town Center |
| 7:35 | Create | Villager (Male) |
| 7:35 | Create | Villager (Male) |
| 7:35 | Create | Villager (Male) |
| 7:36 | Create | Villager (Male) |
| 8:11 | Create | Villager (Male) |
| 8:12 | Create | Villager (Male) |
| 8:12 | Create | Villager (Male) |
| 8:31 | Build | House |
| 8:45 | Create | Villager (Male) |
| 8:45 | Create | Villager (Male) |
| 9:00 | Create | Villager (Male) |
| 9:00 | Create | Villager (Male) |
| 9:12 | Create | Villager (Male) |
| 9:12 | Create | Villager (Male) |
| 9:35 | Create | Villager (Male) |
| 9:36 | Create | Villager (Male) |
| 10:04 | Create | Villager (Male) |
| 10:04 | Create | Villager (Male) |
| 10:45 | Create | Villager (Male) |
| 10:45 | Create | Villager (Male) |
| 10:59 | Create | Villager (Male) |
| 10:59 | Create | Villager (Male) |
| 11:10 | Build | House |
| 11:31 | Create | Villager (Male) |
| 11:31 | Create | Villager (Male) |
| 11:42 | Create | Villager (Male) |
| 11:42 | Create | Villager (Male) |
| 12:10 | Create | Villager (Male) |
| 12:10 | Create | Villager (Male) |
| 12:15 | Build | House |
| 12:27 | Build | Palisade Wall |
| 12:31 | Build | Palisade Wall |
| 12:35 | Build | Palisade Wall |
| 13:11 | Create | Villager (Male) |
| 13:11 | Create | Villager (Male) |
| 13:11 | Create | Villager (Male) |
| 13:18 | Create | Villager (Male) |
| 13:18 | Create | Villager (Male) |
| 13:50 | Create | Villager (Male) |
| 13:50 | Create | Villager (Male) |
| 14:21 | Create | Villager (Male) |
| 14:21 | Create | Villager (Male) |
| 14:31 | Create | Villager (Male) |
| 14:31 | Create | Villager (Male) |
| 14:55 | Create | Villager (Male) |
| 14:55 | Create | Villager (Male) |
| 15:56 | Create | Villager (Male) |
| 15:56 | Create | Villager (Male) |
| 16:13 | Build | House |
| 16:25 | Build | House |
| 16:58 | Build | House |
| 17:11 | Create | Villager (Male) |
| 17:11 | Create | Villager (Male) |
| 17:40 | Build | House |
| 17:47 | Create | Villager (Male) |
| 17:47 | Create | Villager (Male) |
| 17:58 | Build | Lumber Camp |
| 18:15 | Build | Palisade Gate |
| 18:33 | Build | Palisade Wall |
| 18:38 | Build | House |
| 19:21 | Create | Villager (Male) |
| 19:22 | Create | Villager (Male) |
| 19:34 | Build | House |
| 19:43 | Build | House |
| 19:50 | Create | Villager (Male) |
| 19:50 | Create | Villager (Male) |
| 20:16 | Build | Farm |
| 20:38 | Build | Farm |
| 21:40 | Create | Villager (Male) |
| 21:40 | Create | Villager (Male) |
Build order — AKINCILAR
65 actions detected in the replay
| 0:00 | Create | Villager (Male) |
| 0:00 | Create | Villager (Male) |
| 0:01 | Create | Villager (Male) |
| 0:02 | Build | House |
| 0:03 | Build | House |
| 0:06 | Create | Villager (Male) |
| 1:22 | Create | Villager (Male) |
| 1:23 | Create | Villager (Male) |
| 2:38 | Research | Loom |
| 2:38 | Research | Loom |
| 2:59 | Create | Villager (Male) |
| 2:59 | Create | Villager (Male) |
| 3:36 | Create | Villager (Male) |
| 3:36 | Create | Villager (Male) |
| 3:38 | Create | Villager (Male) |
| 3:39 | Create | Villager (Male) |
| 3:59 | Build | House |
| 4:01 | Build | House |
| 4:05 | Build | Lumber Camp |
| 4:32 | Create | Villager (Male) |
| 4:32 | Create | Villager (Male) |
| 4:32 | Create | Villager (Male) |
| 4:33 | Create | Villager (Male) |
| 4:52 | Create | Villager (Male) |
| 4:53 | Create | Villager (Male) |
| 5:05 | Build | Palisade Wall |
| 5:06 | Build | Palisade Wall |
| 5:07 | Build | Palisade Gate |
| 5:44 | Create | Villager (Male) |
| 5:44 | Create | Villager (Male) |
| 6:11 | Create | Villager (Male) |
| 6:14 | Create | Villager (Male) |
| 6:24 | Create | Villager (Male) |
| 6:25 | Create | Villager (Male) |
| 6:25 | Create | Villager (Male) |
| 6:34 | Build | Palisade Wall |
| 7:28 | Create | Villager (Male) |
| 7:34 | Create | Villager (Male) |
| 7:34 | Create | Villager (Male) |
| 9:23 | Build | House |
| 9:26 | Create | Villager (Male) |
| 9:54 | Create | Villager (Male) |
| 9:54 | Create | Villager (Male) |
| 9:58 | Build | House |
| 10:21 | Create | Villager (Male) |
| 10:21 | Create | Villager (Male) |
| 10:57 | Create | Villager (Male) |
| 10:58 | Create | Villager (Male) |
| 12:00 | Create | Villager (Male) |
| 12:00 | Create | Villager (Male) |
| 12:58 | Create | Villager (Male) |
| 13:37 | Create | Villager (Male) |
| 13:37 | Create | Villager (Male) |
| 14:29 | Create | Villager (Male) |
| 14:40 | Build | Palisade Wall |
| 14:51 | Build | Palisade Wall |
| 14:52 | Build | Palisade Wall |
| 15:02 | Create | Villager (Male) |
| 15:03 | Create | Villager (Male) |
| 15:07 | Build | House |
| 15:38 | Build | House |
| 16:45 | Create | Villager (Male) |
| 18:58 | Build | House |
| 19:09 | Build | House |
| 19:44 | Build | House |
Match timeline
| 5:05 | AKINCILAR · wall_segment Palisade Wall x1 |
| 5:06 | AKINCILAR · wall_segment Palisade Wall x1 |
| 6:34 | AKINCILAR · wall_segment Palisade Wall x16 |
| 12:27 | TW_andy.fet · wall_segment Palisade Wall x1 |
| 12:31 | TW_andy.fet · wall_segment Palisade Wall x1 |
| 12:35 | TW_andy.fet · wall_segment Palisade Wall x1 |
| 14:40 | AKINCILAR · wall_segment Palisade Wall x2 |
| 14:51 | AKINCILAR · wall_segment Palisade Wall x1 |
| 14:52 | AKINCILAR · wall_segment Palisade Wall x1 |
| 18:33 | TW_andy.fet · wall_segment Palisade Wall x4 |
| 22:07 | AKINCILAR · resign |
[ AI ANALYSIS · 1 CREDIT ]
What really happened in this match?
Wolo.gg analyzes every decision: build order, eco, micro, common mistakes by bracket. Personalized analysis on WhatsApp or Discord in 30 seconds.
Civ guide
Persians
Perfil
TW_andy.fet